 Dungeon Sprint DCSS version 0.19.1-1-g22dce08 (webtiles) character file.

38007 godfroggy the Executioner (level 13, 0/134 HPs)
             Began as a Minotaur Fighter on Jan 5, 2017.
             Was the Champion of the Shining One.
             Killed from afar by a thorn hunter (18 damage)
             ... with a volley of thorns
             ... in the Dungeon (Sprint V: "Ziggurat Sprint").
             The game lasted 00:28:05 (2106 turns).

godfroggy the Executioner (Minotaur Fighter)        Turns: 2106, Time: 00:28:07

Health: 0/134      AC: 31    Str: 35    XL:     13   Next: 61%
Magic:  10/21      EV:  6    Int: 12    God:    the Shining One [******]
Gold:   0          SH: 35    Dex: 21    Spells: 0 memorised, 12 levels left

rFire  + . .     SeeInvis .     K - +3 war axe of Spontaneous Combustion {chop, rElec rC+ Str+4 Int+3}
rCold  + + .     Gourm    .     I - +5 gold dragon scales
rNeg   + + +     Faith    .     H - +18 shield of the Gong {rElec rN+ MR+ EV-5}
rPois  +         Spirit   .     (helmet restricted)
rElec  +         Reflect  .     (no cloak)
rCorr  .         Harm     .     E - +2 pair of gloves of Ashenzari's Supremacy {MR+ Slay+2}
MR     +++..     NoTele   +     G - +1 pair of boots {Fly}
Stlth  ..........               L - amulet of Peace {RegenMP MR+ Str+4 Int+4}
                                D - +6 ring of strength
                                A - +6 ring of dexterity

@: grasped by roots, glowing, studying Maces & Flails, very slow
A: retaliatory headbutt, horns 2
a: Divine Shield, Cleansing Flame, Summon Divine Warrior, Brand Weapon With Holy
Wrath, Renounce Religion, Evoke Flight


You were in the Dungeon.
You worshipped the Shining One.
The Shining One was exalted by your worship.
You were not hungry.

You visited 1 branch

Inventory:

Hand Weapons
 K - the +3 war axe of Spontaneous Combustion (weapon) {chop, rElec rC+ Str+4 Int+3}
   (You found it in the Dungeon)

   It inflicts extra damage upon your enemies.
   It affects your strength (+4).
   It affects your intelligence (+3).
   It protects you from cold.
   It insulates you from electricity.
Armour
 E - the +2 pair of gloves of Ashenzari's Supremacy (worn) {MR+ Slay+2}
   (You found it in the Dungeon)

   It affects your accuracy and damage with ranged weapons and melee attacks
   (+2).
   It affects your resistance to hostile enchantments.
 G - a +1 pair of boots of flying (worn)
 H - the +18 shield of the Gong (worn) {rElec rN+ MR+ EV-5}
   (You found it in the Dungeon)

   It affects your evasion (-5).
   It insulates you from electricity.
   It protects you from negative energy.
   It affects your resistance to hostile enchantments.
 I - +5 gold dragon scales (worn)
Jewellery
 z - an uncursed ring of stealth
 A - a +6 ring of dexterity (left hand)
 B - the ring of Xetaddin {rC+ Dex+3}
   (You found it in the Dungeon)

   [ring of dexterity]

   It affects your dexterity (+3).
   It protects you from cold.
 D - a +6 ring of strength (right hand)
 J - an uncursed ring of flight
 L - the amulet of Peace (around neck) {RegenMP MR+ Str+4 Int+4}
   (You found it in the Dungeon)

   [amulet of magic regeneration]

   It increases your magic regeneration.
   It affects your strength (+4).
   It affects your intelligence (+4).
   It affects your resistance to hostile enchantments.
 N - an uncursed ring of see invisible
 O - the amulet of Salvation {Inacc rElec}
   (You found it in the Dungeon)

   [amulet of inaccuracy]

   It reduces the accuracy of all your attacks.
   It insulates you from electricity.
 P - an uncursed ring of protection from magic
 Q - the amulet of Kuraw {RegenMP MR+ Dex+8}
   (You took it off a vampire in the Dungeon)

   [amulet of magic regeneration]

   It increases your magic regeneration.
   It affects your dexterity (+8).
   It affects your resistance to hostile enchantments.
 R - the ring "Idead" {Dex+3 SInv Stlth+}
   (You found it in the Dungeon)

   [ring of stealth]

   It affects your dexterity (+3).
   It lets you see invisible.
   It makes you more stealthy.
 S - an uncursed ring of protection from cold
 T - the cursed necklace of Bloodlust {*Rage +Rage MR+ Int-3 Slay+3 *Curse}
   (You found it in the Dungeon)

   [amulet of rage]

   It affects your intelligence (-3).
   It affects your accuracy and damage with ranged weapons and melee attacks
   (+3).
   It affects your resistance to hostile enchantments.
   It lets you go berserk.
   It may make you go berserk in combat.
   It may re-curse itself when equipped.
   It has a curse placed upon it.
 U - an uncursed ring of resist corrosion
Wands
 v - a wand of disintegration (6/24)
 w - a wand of iceblast (5/15)
 x - a wand of lightning (5/15)
 y - a wand of acid (5/15)
Scrolls
 c - 4 scrolls of amnesia
 k - 4 scrolls of blinking
 l - 3 scrolls of recharging
 m - 7 scrolls of fog
 n - a scroll of holy word
 o - 5 scrolls of identify
 p - 5 scrolls of remove curse
 q - 2 scrolls of fear
 C - 4 scrolls of enchant armour
Potions
 d - 6 potions of might
 e - 10 potions of curing
 g - 8 potions of heal wounds
 h - 6 potions of haste
 i - 7 potions of magic
 j - 3 potions of berserk rage
 r - 2 potions of brilliance
 s - 4 potions of resistance
 u - 5 potions of agility
Books
 t - a manual of Maces & Flails
 M - a book of Annihilations

   Spells                             Type                      Level
   a - Poison Arrow                   Conjuration/Poison           6
   b - Chain Lightning                Conjuration/Air              8
   c - Lehudib's Crystal Spear        Conjuration/Earth            8
   d - Glaciate                       Conjuration/Ice              9
   e - Fire Storm                     Conjuration/Fire             9
Miscellaneous
 F - 3 sacks of spiders
Comestibles
 a - 42 fruits
 b - 3 meat rations
 f - 5 bread rations


   Skills:
 + Level 18.1 Fighting
   Level 3.4 Long Blades
 * Level 23.6 Axes
 + Level 15.5 Armour
 - Level 10.3 Dodging
 + Level 18.1 Shields
 + Level 13.2 Invocations


You had 12 spell levels left.
You didn't know any spells.

Dungeon Overview and Level Annotations

Branches:
Dungeon (1/1)

Altars:
Ashenzari
Cheibriados
Dithmenos
Elyvilon
Fedhas
Gozag
Hepliaklqana
Kikubaaqudgha
Makhleb
Nemelex Xobeh
Okawaru
Qazlal
Ru
Sif Muna
Trog
Uskayaw
Vehumet
Xom
Yredelemnul
Zin
The Shining One
Beogh
Jiyva
Lugonu


Innate Abilities, Weirdness & Mutations

You reflexively headbutt those who attack you in melee.
You have a pair of horns on your head.


Message History

You feel much better.
You block the spriggan berserker's attack.
GONNNNG!
The spriggan berserker hits you with a war axe!
* * * LOW HITPOINT WARNING * * *
You block the polar bear's attack.
GONNNNG!
You block the polar bear's attack.
BOUMMMMG!
The polar bear claws you but does no damage.
The thorn hunter hits you but does no damage.
You block the thorn hunter's attack.
SHROANNG!
The elephant tramples you but does no damage.
The elephant trunk-slaps you but does no damage.
The wind drake barely misses you. You furiously retaliate!
You headbutt the wind drake!
The thorn hunter fires a volley of thorns at you.
The volley of thorns hits you!
You die...

▓▓▓▓▓▓▓▓▓▓▓▓ ▓▓▓▓▓▓▓▓
▓....8©8....▓▓.8©8.▓.
▓..)..)).}..▓▓.}:..▓.
▓.b/\):}.}..▓▓..)..▓.
▓...........▓▓))...▓.
▓...i.......▓▓.....▓.
▓..ifk......▓▓.....▓.
▓..)@ff..P..▓▓.....▓.
▓..Yhi......▓▓▓▓▓▓▓▓▓
▓..▓.....▓..▓..8©8...
▓...........▓..}.|...
▓...........▓........
▓▓▓▓▓▓▓▓▓▓▓▓▓........
▓....8©8....▓..†.....
▓.....)[:...▓.▓|...▓.
▓......).[..▓........


You could see 2 thorn hunters, a shambling mangrove, an elephant (berserk), a
wind drake, 2 spriggan berserkers, a polar bear (berserk) and a spriggan druid.

Vanquished Creatures
  A lich (D)
  A shadow dragon (D)
  2 vault wardens (D)
  A vampire knight (D)
  An apis (D)
  A red draconian (D)
  8 vault guards (D)
  A rakshasa (D)
  2 spriggan air magi (D)
  2 centaur warriors (D)
  2 dancing weapons (D)
  An ogre mage (D)
  2 vampire magi (D)
  2 spriggan berserkers (D)
  A deep elf knight (D)
  3 skeletal warriors (D)
  A glowing orange brain (shapeshifter) (D)
  3 necromancers (D)
  An ironbrand convoker (D)
  6 deep elf magi (D)
  3 cyclopes (D)
  An ugly thing (D)
  7 draconians (D)
  2 rust devils (D)
  5 yaktaurs (D)
  An ice devil (D)
  A jumping spider (D)
  A freezing wraith (D)
  A hornet (D)
  5 spriggans (D)
  2 vampires (D)
  A water elemental (D)
  2 shadows (D)
  A wraith (D)
  4 hell hounds (D)
  4 necrophages (D)
  A wolf (D)
  A centaur (D)
  2 scorpions (D)
  A crimson imp (D)
  A mummy (D)
  An adder (D)
  An ufetubus (D)
  An adder skeleton (D)
  2 adder zombies (D)
  2 bat skeletons (D)
  3 bat zombies (D)
  A ball python (D)
  A giant cockroach zombie (D)
  A jackal skeleton (D)
  A jackal zombie (D)
  A leopard gecko zombie (D)
  2 quokka skeletons (D)
  2 briar patches (D)
108 creatures vanquished.

Vanquished Creatures (others)
  A bat zombie (D)
  4 briar patches (D)
5 creatures vanquished.

Grand Total: 113 creatures vanquished

Notes
Turn   | Place    | Note
-------+----------+-------------------------------------------
     0 | D        | godfroggy the Minotaur Fighter began the quest for the Orb.
     0 | D        | Reached XP level 1. HP: 19/19 MP: 0/0
     4 | D        | Became a worshipper of the Shining One
    22 | D        | Found a blossoming altar of Fedhas.
    23 | D        | Found a viscous altar of Jiyva.
    23 | D        | Found a hazy altar of Hepliaklqana.
    23 | D        | Found an opulent altar of Gozag.
    23 | D        | Found an ancient bone altar of Kikubaaqudgha.
    23 | D        | Found a corrupted altar of Lugonu.
    33 | D        | Found a burning altar of Makhleb.
    34 | D        | Found a sacrificial altar of Ru.
    34 | D        | Found a stormy altar of Qazlal.
    34 | D        | Found a deep blue altar of Sif Muna.
    34 | D        | Found an iron altar of Okawaru.
    34 | D        | Found a bloodstained altar of Trog.
    34 | D        | Found a sparkling altar of Nemelex Xobeh.
   128 | D        | Entered arena 1.
   129 | D        | Reached XP level 2. HP: 27/27 MP: 1/1
   140 | D        | Got the +3 war axe of Spontaneous Combustion {chop, rElec rC+ Str+4 Int+3}
   145 | D        | Reached skill level 5 in Fighting
   145 | D        | Reached skill level 6 in Axes
   145 | D        | Reached skill level 5 in Armour
   145 | D        | Reached skill level 5 in Shields
   145 | D        | Reached XP level 3. HP: 37/37 MP: 1/4
   179 | D        | Entered arena 2.
   179 | D        | Noticed a scorpion
   179 | D        | Noticed a scorpion
   179 | D        | Noticed a jumping spider
   179 | D        | Reached * piety under the Shining One
   183 | D        | Killed a scorpion
   183 | D        | Reached skill level 7 in Axes
   183 | D        | Reached XP level 4. HP: 27/45 MP: 5/5
   183 | D        | Reached skill level 8 in Axes
   194 | D        | Killed a jumping spider
   194 | D        | Reached skill level 10 in Axes
   194 | D        | Reached XP level 5. HP: 10/56 MP: 6/6
   194 | D        | Reached XP level 6. HP: 11/62 MP: 7/7
   546 | D        | Entered arena 3.
   546 | D        | Noticed a deep elf mage
   546 | D        | Noticed a deep elf mage
   546 | D        | Noticed a water elemental
   546 | D        | Noticed a deep elf mage
   546 | D        | Reached ** piety under the Shining One
   547 | D        | Noticed a fire elemental
   550 | D        | Killed a deep elf mage
   550 | D        | Reached skill level 10 in Fighting
   550 | D        | Reached skill level 12 in Axes
   550 | D        | Reached skill level 10 in Shields
   550 | D        | Reached XP level 7. HP: 62/72 MP: 8/8
   551 | D        | Killed a water elemental
   551 | D        | Reached skill level 13 in Axes
   558 | D        | Killed a deep elf mage
   558 | D        | Reached skill level 14 in Axes
   558 | D        | Reached XP level 8. HP: 63/82 MP: 9/9
   562 | D        | Killed a deep elf mage
   843 | D        | Entered arena 4.
   843 | D        | Reached *** piety under the Shining One
   846 | D        | Reached **** piety under the Shining One
   846 | D        | Reached skill level 15 in Axes
   858 | D        | Entered arena 5.
   858 | D        | Reached ***** piety under the Shining One
   863 | D        | Reached XP level 9. HP: 83/90 MP: 10/10
   885 | D        | Entered arena 6.
   885 | D        | Reached ****** piety under the Shining One
   897 | D        | Got the amulet of Peace {RegenMP MR+ Str+4 Int+4}
   908 | D        | Entered arena 7.
   908 | D        | Noticed a rakshasa
   908 | D        | Noticed an ogre mage
   908 | D        | Noticed an ironbrand convoker
   908 | D        | Noticed a vault warden
   908 | D        | Noticed a vault warden
   908 | D        | Noticed a red ugly thing
   918 | D        | Killed a cyan ugly thing
   918 | D        | Reached skill level 16 in Axes
   918 | D        | Reached skill level 5 in Dodging
   922 | D        | Killed a vault warden
   922 | D        | Reached skill level 5 in Invocations
   922 | D        | Reached XP level 10. HP: 89/101 MP: 11/13
   922 | D        | Killed a vault warden
   922 | D        | Reached skill level 17 in Axes
   923 | D        | Killed an ironbrand convoker
   929 | D        | Killed a rakshasa
   934 | D        | Killed an ogre mage
   934 | D        | Reached skill level 18 in Axes
   950 | D        | Entered arena 8.
   950 | D        | Noticed a torpor snail
   950 | D        | Noticed a short sword of draining
   950 | D        | Noticed a deep elf mage
   950 | D        | Noticed a deep elf mage
   950 | D        | Noticed a deep elf knight
   950 | D        | Noticed a dire flail of holy wrath
   950 | D        | Noticed a deep elf mage
   950 | D        | Noticed a faun
   950 | D        | a torpor snail changed into a faun
   957 | D        | a faun changed into a snapping turtle
   960 | D        | Killed a short sword of draining
   960 | D        | Reached skill level 10 in Armour
   960 | D        | Reached XP level 11. HP: 72/110 MP: 12/15
   961 | D        | Killed a dire flail of holy wrath
   963 | D        | Killed a deep elf knight
   965 | D        | Paralysed by a floating eye for 2 turns
   970 | D        | Killed a deep elf mage
   971 | D        | Killed a deep elf mage
   971 | D        | Noticed a glowing orange brain
   971 | D        | a snapping turtle changed into a glowing orange brain
   975 | D        | Killed a deep elf mage
   976 | D        | Killed a glowing orange brain
  1346 | D        | Entered arena 9.
  1346 | D        | Noticed a red draconian
  1352 | D        | Reached skill level 19 in Axes
  1363 | D        | Reached skill level 10 in Dodging
  1363 | D        | Reached skill level 15 in Fighting
  1363 | D        | Reached skill level 15 in Shields
  1376 | D        | Killed a red draconian
  1409 | D        | Entered arena 10.
  1409 | D        | Noticed a centaur warrior
  1409 | D        | Noticed a centaur warrior
  1415 | D        | Killed a centaur warrior
  1421 | D        | Reached skill level 20 in Axes
  1424 | D        | Reached XP level 12. HP: 100/121 MP: 18/18
  1426 | D        | Reached skill level 10 in Invocations
  1430 | D        | Killed a centaur warrior
  1449 | D        | Got the ring of Xetaddin {rC+ Dex+3}
  1604 | D        | Entered arena 11.
  1604 | D        | Noticed a vampire mage
  1604 | D        | Noticed a vampire knight
  1605 | D        | Noticed a vampire mage
  1610 | D        | Killed a vampire mage
  1617 | D        | Killed a vampire mage
  1619 | D        | Killed a vampire knight
  1619 | D        | Reached skill level 21 in Axes
  1638 | D        | Entered arena 12.
  1638 | D        | Noticed a vault guard
  1638 | D        | Noticed a vault guard
  1638 | D        | Noticed a vault guard
  1639 | D        | Noticed a shadow dragon
  1639 | D        | Noticed a vault guard
  1639 | D        | Noticed a vault guard
  1639 | D        | Noticed a vault guard
  1639 | D        | Noticed a vault guard
  1639 | D        | Noticed a vault guard
  1644 | D        | Killed a vault guard
  1645 | D        | Killed a vault guard
  1650 | D        | Killed a vault guard
  1651 | D        | Killed a vault guard
  1653 | D        | Killed a vault guard
  1656 | D        | Killed a shadow dragon
  1656 | D        | Reached skill level 22 in Axes
  1661 | D        | Killed a vault guard
  1661 | D        | Killed a vault guard
  1661 | D        | Reached XP level 13. HP: 74/132 MP: 19/21
  1672 | D        | Got the +2 pair of gloves of Ashenzari's Supremacy {MR+ Slay+2}
  1674 | D        | Got the amulet of Salvation {Inacc rElec}
  1869 | D        | Entered arena 13.
  1893 | D        | Identified Duexta's Volume of Enchantment and Evil Rites (You found it in the Dungeon)
  2038 | D        | Entered arena 14.
  2041 | D        | Noticed a lich
  2044 | D        | Noticed a balrug
  2049 | D        | Noticed a balrug
  2052 | D        | Killed a lich
  2052 | D        | Reached skill level 23 in Axes
  2052 | D        | Reached skill level 15 in Armour
  2062 | D        | Got the amulet of Kuraw {RegenMP MR+ Dex+8}
  2069 | D        | Got the ring "Idead" {Dex+3 SInv Stlth+}
  2074 | D        | Identified the Grimoire of Dark Summoning (You found it in the Dungeon)
  2087 | D        | Entered arena 15.
  2088 | D        | Noticed an apis
  2088 | D        | Noticed a thorn hunter
  2088 | D        | Noticed a thorn hunter
  2101 | D        | Killed an apis
  2106 | D        | Killed from afar by a thorn hunter

Skill      XL: |  1  2  3  4  5  6  7  8  9 10 11 12 13 |
---------------+----------------------------------------+-----
Fighting       | 4 5 6 8 10 11 12 13 14 15 17 18 | 18.1
Long Blades    | 3 |  3.4
Shields        | 4 5 6 8 10 11 12 13 14 15 17 18 | 18.1
Axes           | 6 7 10 12 14 15 16 18 20 22 23 | 23.6
Armour         | 5 8 10 12 14 15 | 15.5
Dodging        | 3 6 8 10 | 10.3
Invocations    | 3 5 7 9 12 13 | 13.2

Action                   |  1- 3 |  4- 6 |  7- 9 | 10-12 | 13-15 || total
-------------------------+-------+-------+-------+-------+-------++-------
Melee: Double sword      |     4 |       |       |       |       ||     4
       War axe           |     3 |     7 |    39 |   104 |    39 ||   192
       Headbutt          |     2 |       |     9 |    36 |    15 ||    62
Invok: Divine Shield     |       |       |     1 |     4 |     1 ||     6
       Cleansing Flame   |       |       |       |     3 |     3 ||     6
Evoke: Wand              |       |     1 |       |       |       ||     1
  Use: Potion            |     1 |     1 |       |       |     1 ||     3
  Eat: Meat ration       |       |       |       |     1 |       ||     1
Armor: Gold dragon scale |       |    12 |    14 |    24 |    42 ||    92
Dodge: Dodged            |       |       |     2 |    17 |     9 ||    28
Block: Shield            |    12 |    18 |    56 |   209 |   112 ||   407
